 Dungeon Crawl Stone Soup version 0.32-a0-361-g289a535e89 (webtiles) character file.

Game seed: 6651337390093005356

18418 dialectric the Nimble (level 12, 0/92 HPs)
             Began as a Coglin Brigand on Feb 18, 2024.
             Slain by an orc knight
             ... wielding a +0 great sword
              (21 damage)
             ... on level 9 of the Dungeon.
             The game lasted 00:27:53 (11830 turns).

dialectric the Nimble (Coglin Brigand)             Turns: 11830, Time: 00:27:54

Health: 0/92       AC: 13    Str: 14    XL:     12   Next: 58%
Magic:  12/12      EV: 24    Int: 11    God:
Gold:   416        SH:  0    Dex: 18    Spells: 9/11 levels left

rFire   . . .        i - +2 short sword (speed) {Latda}
rCold   . . .        H - +2 short sword (speed) {Zhen}
rNeg    . . .        L - +0 steam dragon scales
rPois   .            (no helmet)
rElec   .            P - +2 cloak
rCorr   .            (no gloves)
SInv    .            (no boots)
Will    .....        p - amulet of regeneration
Stlth   ++++         j - +5 ring of evasion
HPRegen 1.15/turn    y - +4 ring of protection
MPRegen 0.13/turn

%: no passive effects
@: revved, stiff-legged, very slow
A: off-hand wielding, slow wielding, warmup strikes, warmup strides
a: no special abilities


You were on level 9 of the Dungeon.
You visited 3 branches of the dungeon, and saw 16 of its levels.

You collected 821 gold pieces.
You spent 405 gold pieces at shops.

Inventory:

Hand Weapons
 a - a +2 dagger {Ai}
 f - a +1 dagger of speed {Suchat}
 i - a +2 short sword of speed (weapon) {Latda}
 D - a +0 rapier of protection
 H - a +2 short sword of speed (worn) {Zhen}
Missiles
 d - 63 poisoned darts (quivered)
 I - 4 datura-tipped darts
 N - 2 curare-tipped darts
 O - 2 atropa-tipped darts
Armour
 b - a +0 robe
 c - a +0 cloak
 h - a +0 cloak
 E - +0 acid dragon scales
 L - +0 steam dragon scales (worn)
 M - a +2 robe of resistance
 P - a +2 cloak (worn)
Jewellery
 g - a ring of protection from fire
 j - a +5 ring of evasion (left grasper)
 p - an amulet of regeneration (around neck)
 y - a +4 ring of protection (right grasper)
Wands
 e - a wand of charming (4)
 l - a wand of flame (31)
 F - a wand of acid (17)
 K - a wand of roots (4)
Scrolls
 q - 2 scrolls of immolation
 r - 2 scrolls of teleportation
 s - 2 scrolls of noise
 t - 4 scrolls of fog
 u - 3 scrolls of enchant weapon
 w - a scroll of silence
 C - a scroll of enchant armour {unknown}
 J - a scroll of revelation {unknown}
Potions
 k - 4 potions of degeneration
 m - 2 potions of might {unknown}
 n - a potion of berserk rage
 o - 2 potions of magic
 v - 3 potions of attraction
 x - 3 potions of lignification
 z - a potion of haste
 A - a potion of mutation
 B - a potion of brilliance {unknown}
 G - 9 potions of curing
 Q - a potion of heal wounds


   Skills:
 - Level 8.0 Fighting
 + Level 9.7 Short Blades
 - Level 3.1 Throwing
 - Level 4.0 Armour
 - Level 11.0 Dodging
 - Level 9.0 Stealth


You had 9 spell levels left.
You knew the following spells:

 Your Spells              Type           Power      Damage    Failure   Level
a - Call Imp              Summ           0%         N/A       47%         2

Your spell library contained the following spells:

 Spells                   Type           Power      Damage    Failure   Level
 Kiss of Death            Conj/Necr      0%         2d5       34%         1
 Magic Dart               Conj           0%         1d3       34%         1
 Blink                    Tloc           0%         N/A       47%         2
 Scorch                   Fire           0%         2d5       47%         2
 Call Canine Familiar     Summ           0%         N/A       71%         3
 Confusing Touch          Hex            0%         N/A       71%         3
 Gell's Gravitas          Tloc           0%         N/A       71%         3
 Hailstorm                Conj/Ice       0%         3d5       71%         3
 Inner Flame              Hex/Fire       0%         N/A       71%         3
 Sigil of Binding         Hex            0%         N/A       71%         3
 Summon Ice Beast         Ice/Summ       0%         N/A       71%         3
 Teleport Other           Tloc           0%         N/A       71%         3
 Dimensional Bullseye     Hex/Tloc       0%         N/A       98%         4
 Dispel Undead            Necr           0%         3d6       98%         4
 Flame Wave               Conj/Fire      0%         2d4       98%         4
 Irradiate                Conj/Alch      0%         3d11      100%        5
 Dispersal                Tloc           0%         N/A       100%        6
 Sculpt Simulacrum        Ice/Alch       0%         N/A       100%        6
 Summon Cactus Giant      Summ           0%         N/A       100%        6
 Ignition                 Fire           0%         3d3       100%        8


Dungeon Overview and Level Annotations

Branches:
Dungeon (12/15)            Temple (0/1) D:5            Lair (3/5) D:8
    Orc (1/2) D:9
  Swamp: Lair:2-3    Shoals: Lair:2-3     Snake: Lair:2-3    Spider: Lair:2-3

Altars:
Ashenzari
Cheibriados
Dithmenos
Elyvilon
Fedhas
Gozag
Nemelex Xobeh
Okawaru
Vehumet
Yredelemnul
The Shining One

Shops:
D:10 *![[

Annotations:
D:5 exclusion: statue
Lair:1 exclusion: oklob plant
Lair:2 3 runed translucent doors, pigah's ghost, journeyman OnCA


Innate Abilities, Weirdness & Mutations

You can wield a second weapon in your off-hand.
It takes a long time for you to wield or remove held weapons.
Your first few attacks do less damage.
Your first movements take longer.


Message History

You barely miss the warg with your +2 short sword of speed.
The orc knight completely misses you.
You hit the warg but do no damage.
The warg is severely wounded.
You closely miss the warg with your +2 short sword of speed.
You closely miss the warg with your +2 short sword of speed.
The warg is severely wounded.
You hit the warg but do no damage. The warg completely misses you.
You hit the warg with your +2 short sword of speed.
The warg is almost dead.
You hit the warg but do no damage.
The orc knight hits you with a +0 great sword!
* * * LOW HITPOINT WARNING * * *
The warg bites you.
* * * LOW HITPOINT WARNING * * *
You hit the warg with your +2 short sword of speed.
The warg is almost dead.
You hit the warg with your +2 short sword of speed.
You hit the warg but do no damage.
The warg is almost dead.
You hit the warg with your +2 short sword of speed.
You kill the warg!
You hit the orc knight but do no damage.
The orc knight is moderately wounded.
You hit the orc knight with your +2 short sword of speed.
The orc knight completely misses you.
You barely miss the orc knight with your +2 short sword of speed.
The orc knight is moderately wounded.
You closely miss the orc knight with your +2 short sword of speed.
You hit the orc knight but do no damage.
The orc knight is moderately wounded.
You hit the orc knight with your +2 short sword of speed.
You closely miss the orc knight with your +2 short sword of speed.
The orc knight is moderately wounded.
You hit the orc knight but do no damage.
You hit the orc knight but do no damage.
The orc knight is moderately wounded.
You hit the orc knight with your +2 short sword of speed.
The orc knight hits you with a +0 great sword!!
You die...

#.....#.# ##...§..§.## ##.
##.....## #..#≈≈§.§..###..
#.....## ##..##≈..........
##..(..## ##..#.............
#...(.#.###.##.#............
##.....(#.#.###.........#...
##.#...(.##..##.......##...
##.####(..#...........#...
####...o@...#.#..#..#....
#.......#.#....##.#..≈
#.#.#..###..#..#.#....
##...##)))##.#.#..#...
##.#.#(#.######.#.#..
##.#..### ##..... ##.##.#
#...... ###### ##......
#.#..#.#


You could see an orc knight (very poisoned).

Vanquished Creatures
  A hydra (Lair:3)
  3 two-headed ogres
  Amaemon (D:10)
  Nergalle (Lair:3)
  A skyshark (Lair:2)
  Joseph (D:8)
  A black mamba (Lair:1)
  3 cane toads
  An orange demon (D:10)
  3 komodo dragons
  2 rime drakes
  Psyche (D:8)
  3 trolls
  A polar bear (Lair:2)
  Prince Ribbit (D:7)
  3 blink frogs (Lair:2)
  14 yaks
  2 shadows
  A wraith (D:11)
  A warg (D:9)
  A wyvern (D:9)
  3 basilisks
  Grum (D:8)
  3 steam dragons
  2 acid dragons
  5 water moccasins
  2 black bears
  A sky beast (D:6)
  3 orc warriors
  2 ogres
  6 centaurs
  4 wolves
  A phantom (D:5)
  7 kobold brigands
  8 bullfrogs
  2 scorpions
  2 gnoll sergeants
  A wight (D:9)
  3 killer bees (D:8)
  8 howler monkeys
  A crimson imp (D:3)
  6 jellies
  5 hounds
  A lava snake (D:9)
  A bombardier beetle (D:6)
  3 orc priests
  3 sleepcaps
  Ijyb (D:4)
  5 iguanas
  4 orc wizards
  8 gnolls
  14 adders
  A shadow imp (D:6)
  A white imp (D:6)
  4 ufetubi
  3 dart slugs
  3 ribbon worms
  17 orcs
  4 ball pythons
  6 endoplasms
  A giant cockroach (D:1)
  7 goblins
  8 hobgoblins
  2 jackals (D:3)
  41 kobolds
  4 quokkas
  7 bats
  3 frilled lizards
  A goblin skeleton (D:3)
  2 goblin zombies (D:3)
  3 kobold skeletons (D:3)
  A kobold zombie (D:3)
  An orc skeleton (D:3)
  2 orc zombies (D:3)
  8 rats
292 creatures vanquished.

Vanquished Creatures (collateral kills)
  2 yaks (Lair:1)
  A bullfrog (Lair:1)
  2 wights (D:9)
  A killer bee (D:8)
  An electric eel (D:9)
7 creatures vanquished.

Vanquished Creatures (others)
  A yak (Lair:1)
  2 killer bees (D:8)
  An orc priest (D:6)
4 creatures vanquished.

Grand Total: 303 creatures vanquished

Notes
Turn   | Place    | Note
-------+----------+-------------------------------------------
     0 | D:1      | dialectric the Coglin Brigand began the quest for the Orb.
     0 | D:1      | Reached XP level 1. HP: 16/16 MP: 1/1
    35 | D:1      | Reached skill level 1 in Dodging
    68 | D:1      | Reached XP level 2. HP: 22/22 MP: 2/2
    89 | D:1      | Reached XP level 3. HP: 22/27 MP: 3/3
   813 | D:2      | Found a white marble altar of Elyvilon.
   837 | D:2      | Reached XP level 4. HP: 30/34 MP: 4/4
  1621 | D:3      | Reached skill level 2 in Dodging
  1657 | D:3      | Reached XP level 5. HP: 40/40 MP: 5/5
  1727 | D:3      | Found a glowing golden altar of the Shining One.
  2086 | D:3      | Found a sparkling altar of Nemelex Xobeh.
  2319 | D:4      | Reached XP level 6. HP: 47/47 MP: 6/6
  2326 | D:4      | Noticed a steam dragon
  2342 | D:4      | Killed a steam dragon
  2343 | D:4      | Reached skill level 3 in Dodging
  2475 | D:4      | Found a blossoming altar of Fedhas.
  2512 | D:5      | Entered Level 5 of the Dungeon
  2566 | D:4      | Found a snail-covered altar of Cheibriados.
  2782 | D:4      | Noticed Ijyb
  2800 | D:4      | Reached XP level 7. HP: 53/53 MP: 7/7
  2941 | D:4      | Killed Ijyb
  3200 | D:5      | Reached skill level 4 in Dodging
  3338 | D:5      | Found a radiant altar of Vehumet.
  3444 | D:5      | Reached XP level 8. HP: 60/60 MP: 8/8
  3486 | D:5      | Found a staircase to the Ecumenical Temple.
  3849 | D:6      | Reached skill level 5 in Dodging
  3959 | D:6      | Reached skill level 5 in Stealth
  4080 | D:6      | Found a broken altar of Ashenzari.
  4131 | D:6      | Reached skill level 5 in Short Blades
  4237 | D:6      | Noticed a shadow
  4492 | D:7      | Noticed Prince Ribbit
  4543 | D:7      | Reached XP level 9. HP: 61/65 MP: 9/9
  4576 | D:7      | Killed Prince Ribbit
  4577 | D:7      | Reached skill level 6 in Dodging
  4738 | D:7      | Found a basalt altar of Yredelemnul.
  4739 | D:7      | Found an opulent altar of Gozag.
  4931 | D:8      | Noticed Grum
  5053 | D:8      | Killed Grum
  5179 | D:8      | Noticed Joseph
  5206 | D:8      | Killed Joseph
  5207 | D:8      | Reached skill level 7 in Dodging
  5270 | D:8      | Found a staircase to the Lair.
  5288 | D:8      | Noticed Psyche
  5363 | D:8      | Reached XP level 10. HP: 39/71 MP: 10/10
  6226 | D:8      | Killed Psyche
  6724 | D:9      | Noticed a two-headed ogre
  6743 | D:9      | Killed a two-headed ogre
  6744 | D:9      | Reached skill level 8 in Dodging
  6809 | D:9      | Reached skill level 5 in Fighting
  7521 | Lair:1   | Entered Level 1 of the Lair of Beasts
  7541 | Lair:1   | Reached XP level 11. HP: 80/80 MP: 11/11
  7562 | Lair:1   | Reached skill level 9 in Dodging
  8085 | Lair:1   | Noticed an oklob plant
  8346 | Lair:2   | Found a radiant altar of Vehumet.
  8367 | Lair:2   | Found a runed translucent gate.
  8367 | Lair:2   | Found a runed translucent gate.
  8367 | Lair:2   | Found a runed translucent gate.
  8471 | Lair:2   | Noticed a skyshark
  8479 | Lair:2   | Killed a skyshark
  8663 | Lair:2   | You fall into a shaft and drop 1 floor!
  8672 | Lair:3   | Noticed Nergalle
  8676 | Lair:3   | Killed Nergalle
  8677 | Lair:3   | Reached skill level 10 in Dodging
  8817 | Lair:3   | Noticed a seven-headed hydra
  8832 | Lair:3   | Killed a seven-headed hydra
  9070 | Lair:2   | Reached skill level 1 in Armour
  9328 | Lair:2   | Identified the +2 leather armour of Vetiprai {*Corrode +Inv
                  | rC+ Slay+3}
  9461 | Lair:2   | Noticed pigah's ghost (journeyman OnCA)
  9737 | D:9      | Found an iron altar of Okawaru.
  9747 | D:9      | Reached XP level 12. HP: 83/91 MP: 12/12
  9763 | D:9      | Found a staircase to the Orcish Mines.
  9924 | D:9      | Found a shadowy altar of Dithmenos.
 10021 | Orc:1    | Entered Level 1 of the Orcish Mines
 10208 | D:10     | Entered Level 10 of the Dungeon
 10345 | D:10     | Found Lorusemp's Assorted Antiques.
 10355 | D:10     | Bought a scroll of teleportation for 99 gold pieces
 10377 | D:10     | Found Bantufen's Distillery.
 10385 | D:10     | Bought a potion of curing for 42 gold pieces
 10586 | D:11     | Noticed a two-headed ogre
 10598 | D:11     | Killed a two-headed ogre
 11084 | D:10     | Noticed Amaemon
 11096 | D:10     | Found Qoaden's Armour Boutique.
 11204 | D:10     | Found Fumuj's Antique Armour Shoppe.
 11209 | D:10     | Bought a +2 cloak for 264 gold pieces
 11243 | D:10     | Killed Amaemon
 11656 | D:10     | Noticed a two-headed ogre
 11672 | D:10     | Killed a two-headed ogre
 11673 | D:10     | Reached skill level 11 in Dodging
 11708 | D:10     | Learned a level 2 spell: Call Imp
 11830 | D:9      | Slain by an orc knight

Illustrated notes

Levels and vault maps discovered:
D:1:      ldierk_walled_garden, layout_basic, columned_hall_lemuel,
          minmay_tiny_reverse_x
D:2:      layout_basic, basic_altar
D:3:      layout_loops_ring, general_overflow_altar,
          nicolae_tso_besieged_by_evil
D:4:      layout_basic, fedhas_ov_isle_minmay, nicolae_overflow_hidden_temple,
          kennysheep_slug_shrine, uniq_ijyb
D:5:      layout_basic, vehumet_statue, minmay_temple_entry_statues_fountains
D:6:      cheibrodos_fzero, layout_basic, old_standard_altar
D:7:      layout_basic, mainiacjoe_overflow_divided_tiny, uniq_prince_ribbit1
D:8:      layout_basic, dpeg_oklobed_lair, serial_library_hellmonk_u_bend,
          uniq_psyche, uniq_grum, uniq_joseph
D:9:      layout_big_octagon, lemuel_doored_altar,
          lemuel_coloured_pillars_altar, hive_lemuel
D:10:     layout_layer_cave, serial_shops, shop, shop, shop, shop,
          nicolae_straight_to_the_point, uniq_amaemon
D:11:     layout_basic
D:12:     layout_roguey, uniq_rupert
Lair:1:   lemuel_slime, layout_chaotic_city, grunt_megastairs_4
Lair:2:   layout_layer_cave, gammafunk_ghost_necromancy, basic_altar,
          grunt_megastairs_5
Lair:3:   layout_loops_ring, mainiacjoe_swamp_entry_angry_trees,
          guppyfry_snake_entry_island, serial_bayou_lagoon_b, uniq_nergalle
Orc:1:    layout_caves

Skill      XL: |  1  2  3  4  5  6  7  8  9 10 11 12 |
---------------+-------------------------------------+-----
Dodging        | 1 2 3 4 5 7 8 10 11 | 11.0
Short Blades   | 2 3 4 5 7 8 9 |  9.7
Throwing       | 2 3 |  3.1
Fighting       | 3 4 5 7 8 |  8.0
Stealth        | 4 5 7 8 9 |  9.0
Armour         | 1 4 |  4.0

Action                     |  1- 3 |  4- 6 |  7- 9 | 10-12 || total
---------------------------+-------+-------+-------+-------++-------
  Melee: Dagger            |    73 |   134 |   221 |       ||   428
         Short sword       |    32 |   138 |   508 |  1376 ||  2054
  Throw: Dart              |     2 |     6 |    11 |    55 ||    74
  Evoke: Wand              |       |       |       |    29 ||    29
    Use: Scroll            |       |     2 |    12 |    12 ||    26
         Potion            |       |     2 |     2 |     6 ||    10
   Stab: Sleeping          |     3 |    10 |    11 |    15 ||    39
         Distracted        |       |     1 |     2 |     2 ||     5
         Invisible         |       |       |       |     3 ||     3
 Armour: Robe              |    15 |    44 |   120 |   150 ||   329
         Steam dragon scal |       |       |       |    48 ||    48
         Skin              |       |       |       |     1 ||     1
  Dodge: Dodged            |    36 |    80 |   356 |   447 ||   919

Table legend: (Time is in decaauts)
 A = Elapsed time spent in this place.
 B = Non-inter-level travel time spent in this place.
 C = Inter-level travel time spent in this place.
 D = Time resting spent in this place.
 E = Time spent auto-exploring this place.
 F = Levels seen in this place.
 G = Mean time per level.
                   A        B        C        D        E       F      G
               +--------+--------+--------+--------+--------+-----+--------+
         Total |  11705 |  10948 |    757 |    491 |   7216 |  16 |  731.6 |
       Dungeon |   9685 |   9045 |    640 |    394 |   6016 |  12 |  807.1 |
          Lair |   1941 |   1825 |    116 |     97 |   1194 |   3 |  647.0 |
  Orcish Mines |     78 |     78 |      0 |      0 |      6 |   1 |   78.0 |
               +--------+--------+--------+--------+--------+-----+--------+

Top non-repeatable levels by time:
    D:10: 1152 daAuts
     D:8: 1149 daAuts
     D:7: 1135 daAuts
     D:4: 1027 daAuts
  Lair:2: 957 daAuts
     D:9: 921 daAuts
     D:6: 854 daAuts
     D:2: 834 daAuts
     D:1: 824 daAuts
     D:5: 749 daAuts
     D:3: 699 daAuts
  Lair:1: 683 daAuts
    D:11: 329 daAuts
  Lair:3: 300 daAuts
   Orc:1: 78 daAuts
